[Event "SWE-ch Masters Elite 2018"]
[Site "Ronneby"]
[Date "2018.07.08"]
[Round "9"]
[White "Malmstig, Erik"]
[Black "Rydstrom, Tom"]
[Result "0-1"]
[ECO "C54"]
[WhiteElo "2336"]
[BlackElo "2307"]
[Annotator "NA"]
[PlyCount "72"]
[EventDate "2018.06.30"]
[EventType "tourn"]
[EventCountry "SWE"]
[SourceTitle "playchess.com"]
[Source "ChessBase"]
[SourceQuality "1"]
[TimeControl "40/5400+30:1800+30"]

1. e4 e5 2. Nf3 Nc6 3. Bc4 Bc5 4. c3 Nf6 5. d3 a6 6. Nbd2 O-O 7. Bb3 Ba7 8. h3 {[%emt 0:03:46] LiveBook: 151 Games} d6 9. Nf1 Ne7 {[%emt 0:04:50] C54: Italienische Partie (Hauptvariante)} 10. g4 (10. Ng3 Ng6 11. O-O h6 12. d4 Re8 13. Re1 b5 14. Be3 Bb7 15. Bc2 exd4 16. Nxd4 d5 17. Nb3 Bxe3 18. Rxe3 {½-½ (55) Miton,K (2584)-Bacrot,E (2725) Riadh 2017}) 10... Ng6 11. Ng3 Re8 $146 ({Vorgänger:} 11... d5 12. g5 dxe4 13. gxf6 exf3 14. fxg7 Kxg7 15. Qxf3 h6 16. Nh5+ Kh7 17. Nf6+ Kg7 18. Rg1 Be6 19. Bxe6 fxe6 20. Bxh6+ {1-0 (20) Bachmann,A (2593)-Lagno,K (2523) Berlin 2015}) 12. Be3 Be6 13. Qe2 d5 14. O-O-O d4 15. cxd4 Bxb3 16. axb3 Bxd4 17. Nxd4 exd4 18. Bg5 h6 19. Bd2 a5 20. g5 hxg5 21. Bxg5 a4 22. bxa4 Rxa4 23. Kd2 Re5 24. f4 $19 ({White must play} 24. h4 $1 $15) 24... Rb5 25. Ke1 Qd6 26. Nf5 Qb4+ 27. Kf2 Ra2 28. Rd2 Rxb2 29. Rhd1 Rxd2 30. Rxd2 Nh7 31. Rc2 Qb1 32. Nxd4 Nxg5 33. fxg5 Rxg5 34. Nf3 Rg2+ 35. Kxg2 Nf4+ 36. Kf2 Nxe2 0-1

[Event "SWE-ch Masters Elite 2018"]
[Site "Ronneby"]
[Date "2018.07.08"]
[Round "9"]
[White "Furhoff, Johan"]
[Black "Landgren, Andreas"]
[Result "1-0"]
[ECO "C10"]
[WhiteElo "2332"]
[BlackElo "2278"]
[Annotator "NA"]
[PlyCount "65"]
[EventDate "2018.06.30"]
[EventType "tourn"]
[EventCountry "SWE"]
[SourceTitle "playchess.com"]
[Source "ChessBase"]
[SourceQuality "1"]
[TimeControl "40/5400+30:1800+30"]

1. e4 e6 2. d4 d5 3. Nd2 dxe4 4. Nxe4 Nd7 5. Nf3 Ngf6 6. Bd3 c5 7. O-O cxd4 {[%emt 0:07:03] C10: Französische Verteidigung (Rubinstein-Variante)} 8. Nxd4 {[%emt 0:03:48] LiveBook: 51 Games} Nxe4 9. Bxe4 Nf6 10. Bf3 Be7 11. Nb5 Qb6 $146 ({Vorgänger:} 11... O-O $11 {remains equal.} 12. Bf4 Bd7 13. c4 Bc6 14. Qe2 Bxf3 15. Qxf3 {½-½ (32) Shirov,A (2706)-Anand,V (2770) Moscow 2001}) 12. c4 O-O 13. Be3 Bc5 14. Bf4 Ne8 15. Rb1 a6 16. b4 axb5 17. bxc5 Qxc5 18. cxb5 Qc4 $16 19. Qc1 Qa4 20. Rd1 Nf6 21. Be5 Nd5 22. Bxd5 exd5 23. Bxg7 Kxg7 24. Qg5+ Kh8 25. Qf6+ Kg8 26. Rxd5 Re8 27. Rg5+ Kf8 28. Qd6+ Re7 29. Qh6+ Ke8 30. Rg8+ Kd7 31. Qd2+ Kc7 32. Qd8+ Kb8 33. Qxc8+ 1-0

[Event "SWE-ch Masters Elite 2018"]
[Site "Ronneby"]
[Date "2018.07.08"]
[Round "9"]
[White "Ziegler, Ari"]
[Black "Lundin, Jan"]
[Result "1-0"]
[ECO "D26"]
[WhiteElo "2305"]
[BlackElo "2282"]
[Annotator "NA"]
[PlyCount "96"]
[EventDate "2018.06.30"]
[EventType "tourn"]
[EventCountry "SWE"]
[SourceTitle "playchess.com"]
[Source "ChessBase"]
[SourceQuality "1"]
[TimeControl "40/5400+30:1800+30"]

1. d4 d5 2. c4 dxc4 3. Nf3 Nf6 4. e3 e6 5. Bxc4 c5 6. O-O Nc6 7. Qe2 a6 8. Rd1 Qc7 9. Nc3 Bd6 {[%emt 0:00:30] D28: Queen's Gambit Accepted: Classical main line: 7 Qe2 with early ...Nc6} 10. dxc5 Bxc5 11. b3 O-O 12. Bb2 {[%emt 0:01:37] LiveBook: 3 Games} Rd8 $146 ({Predecessor:} 12... Qe7 13. Bd3 Ba3 14. Bxa3 Qxa3 15. Ne4 Nd5 16. Rac1 Rd8 17. Bb1 h6 {1-0 (32) Andreikin,D (2708)-Timofeev,A (2549) Sochi 2017}) 13. Rac1 Rxd1+ 14. Rxd1 Bd7 15. Ng5 Bf8 16. Nce4 Nxe4 17. Nxe4 Ne7 18. Qg4 Ng6 19. h4 Bc6 20. Ng5 Nh8 21. h5 Re8 22. Ne4 Bxe4 23. Qxe4 b5 24. Be2 f5 25. Qd4 Nf7 26. Rc1 Qa5 27. a4 Rd8 28. Qc3 Qb6 29. a5 Qb8 30. Bf3 e5 31. b4 e4 32. Bd1 Rd3 33. Qc6 Qd8 34. Bd4 Qh4 (34... Qe7 {might work better.} 35. Rb1 (35. Qxa6 Qxb4 36. Bc2 Rxd4 $16) 35... Qh4) 35. Qe6 Rd2 36. Qxf5 Qe7 37. Bb3 h6 38. g3 Rd3 39. Bd5 Rxd4 40. exd4 e3 41. Qxf7+ Qxf7 42. Bxf7+ Kxf7 43. fxe3 Bxb4 44. Rc6 Bxa5 45. Rxa6 Bd2 46. Kf2 b4 47. Ke2 Bc3 48. Kd3 Ke8 $18 1-0

[Event "SWE-ch Masters Elite 2018"]
[Site "Ronneby"]
[Date "2018.07.08"]
[Round "9"]
[White "Logdahl, Harald"]
[Black "Wiedenkeller, Michael"]
[Result "1/2-1/2"]
[ECO "C08"]
[WhiteElo "2249"]
[BlackElo "2465"]
[Annotator "ChessBase"]
[PlyCount "56"]
[EventDate "2018.06.30"]
[EventType "tourn"]
[EventCountry "SWE"]
[SourceTitle "playchess.com"]
[Source "ChessBase"]
[SourceQuality "1"]
[TimeControl "40/5400+30:1800+30"]

1. e4 e6 2. d4 d5 3. Nd2 c5 4. exd5 exd5 5. Bb5+ Bd7 6. Qe2+ Be7 7. dxc5 Nf6 8. Nb3 O-O 9. Be3 Re8 10. Nf3 a6 11. Bd3 Ba4 12. Nfd4 Nbd7 13. O-O-O Bxb3 14. axb3 Bxc5 15. Qf3 Ne5 16. Qh3 Nxd3+ 17. Rxd3 Qc8 18. Qxc8 Raxc8 19. h3 g6 20. Kb1 Kg7 21. c3 Ne4 22. Rc1 a5 23. Rc2 f6 24. Ka2 f5 25. Bf4 h6 26. f3 Nf6 27. g4 Bxd4 28. Rxd4 g5 1/2-1/2

[Event "SWE-ch Masters Elite 2018"]
[Site "Ronneby"]
[Date "2018.07.08"]
[Round "9"]
[White "Lind, Jan-Olov"]
[Black "Lindh, Fredrik"]
[Result "1/2-1/2"]
[ECO "B30"]
[WhiteElo "2234"]
[BlackElo "2273"]
[Annotator "NA"]
[PlyCount "35"]
[EventDate "2018.06.30"]
[EventType "tourn"]
[EventCountry "SWE"]
[SourceTitle "playchess.com"]
[Source "ChessBase"]
[SourceQuality "1"]
[TimeControl "40/5400+30:1800+30"]

1. e4 c5 2. Nf3 Nc6 3. d3 g6 4. g3 Bg7 5. Bg2 e5 6. O-O Nge7 7. c3 O-O 8. a3 d6 9. b4 h6 {[%emt 0:02:40] LiveBook: 132 Games} 10. Nbd2 Be6 11. Bb2 Qd7 12. b5 {[%emt 0:02:48] A04: Holländisches System ohne Übergang in andere Systeme} (12. d4 exd4 13. cxd4 Bg4 14. Qb3 Nxd4 15. Nxd4 cxd4 16. Nf3 Nc6 17. b5 Na5 18. Qb4 Bxf3 19. Bxf3 b6 {½-½ (35) Demidov,M (2521)-Andreikin,D (2708) Sochi 2017}) 12... Na5 13. c4 b6 14. Bc3 Nb7 $146 ({Vorgänger:} 14... Rad8 15. Re1 f5 16. exf5 Bxf5 17. Re3 Bg4 18. Rb1 {1-0 (36) Wilmes,F (1884)-Ritter,U (1813) GER email 2010}) 15. Ne1 f5 16. f4 $11 fxe4 17. dxe4 Na5 18. Qe2 1/2-1/2